 Dungeon Crawl Stone Soup version 0.18.1-48-g4cf74bf (webtiles) character file.

67 Inchmeat the Chiller (level 4, 0/30 HPs)
             Began as a Merfolk Ice Elementalist on July 4, 2016.
             Slain by a gnoll
             ... wielding a +0 spear
              (6 damage)
             ... on level 2 of the Dungeon.
             The game lasted 00:04:36 (1516 turns).

Inchmeat the Chiller (Merfolk Ice Elementalist)     Turns: 1516, Time: 00:04:36

Health: 0/30       AC:  2    Str: 14    XL:     4   Next: 18%
Magic:  7/7        EV: 13    Int: 14    God:
Gold:   18         SH:  0    Dex: 14    Spells: 3 memorised, 2 levels left

rFire  + . .     SeeInvis .     h - +0 short sword (drain)
rCold  + . .     Gourm    .     a - +0 robe
rNeg   . . .     Faith    .     (no shield)
rPois  +         Spirit   .     (no helmet)
rElec  +         Dismiss  .     (no cloak)
rCorr  +         Reflect  .     (no gloves)
SustAt .         Harm     .     (no boots)
MR     .....                    (no amulet)
Stlth  ++........               l - ring of wizardry
                                g - ring of wizardry

@: mighty, resistant, not resistant to hostile enchantments, unstealthy
A: change form in water, swift swim
a: no special abilities


You were on level 2 of the Dungeon.
You were not hungry.

You visited 1 branch of the dungeon, and saw 2 of its levels.

You collected 18 gold pieces.

Inventory:

Hand Weapons
 h - a +0 short sword of draining (weapon)
Armour
 a - a +0 robe (worn)
Jewellery
 g - a ring of wizardry (left hand)
 l - a ring of wizardry (right hand)
Scrolls
 d - 4 scrolls of remove curse {unknown}
Potions
 e - a potion of resistance
 k - a potion of degeneration {unknown}
Books
 b - a book of Frost

   Spells                             Type                      Level
   a - Freeze                         Ice                          1
   b - Throw Frost                    Conjuration/Ice              2
   c - Ozocubu's Armour               Charms/Ice                   3
   d - Throw Icicle                   Conjuration/Ice              4
   e - Summon Ice Beast               Ice/Summoning                4
Comestibles
 c - a bread ration
 f - a beef jerky


   Skills:
 + Level 0.2 Short Blades
 - Level 2.6 Dodging
 - Level 2.1 Stealth
 + Level 2.5 Spellcasting
 + Level 0.7 Conjurations
 * Level 4.9 Ice Magic


You had 2 spell levels left.
You knew the following spells:

 Your Spells              Type           Power        Failure   Level  Hunger
a - Freeze                Ice            ###.         1%          1    #......
b - Throw Frost           Conj/Ice       #.....       4%          2    ###....
c - Ozocubu's Armour      Chrm/Ice       #.......     7%          3    ###....


Dungeon Overview and Level Annotations

Branches:
Dungeon (2/15)

Altars:


Message History

The jackal barks!
You hit the gnoll. You drain the gnoll!
You kill the gnoll!
The gnoll hits you from afar with a spear!
* * * LOW HITPOINT WARNING * * *
The gnoll hits you from afar with a spear.
* * * LOW HITPOINT WARNING * * *
Your icy armour starts to melt.
The gnoll hits you but does no damage.
Drink which item? (? for menu, Esc to quit)
It was a potion of resistance.
You feel protected. The gnoll barely misses you.
Your icy armour evaporates.
The jackal barks!
Drink which item? (? for menu, Esc to quit)
It was a potion of might.
You feel very mighty all of a sudden.
The gnoll hits you from afar with a spear.
You die...

#....#.###..###
###....#.##.....#
..#....#.##.#.#.#
#.#....#.##.#...#
#.#....#h##.#...#
######.#....#.##.#...#
............#h##h#..>#
######.#.#..#h##.#[#.#
######.#.#..#.##@#.#.#
.....#.#.#..#.##.#.#.#
####.#.#.#..#..g.#.#.#
..<#.#.#.#..######.#.#
.....#.#.#.)..# #.#.#
.#...#.#.##.#.# #.#.#
.#...#.#.##.#.# #.#
.....#.#.##.#.# #.#
...#.#.#.##.#.####.#


You could see a gnoll and a jackal.

Vanquished Creatures
  An adder (D:2)
  2 gnolls (D:2)
  A worm (D:2)
  2 dart slugs
  A giant gecko (D:1)
  5 bats
  A giant cockroach (D:1)
  3 hobgoblins
  3 jackals (D:1)
  5 kobolds
  A quokka (D:2)
  A ball python (D:2)
  3 giant newts
  2 goblins (D:1)
  2 rats
33 creatures vanquished.

Notes
Turn   | Place    | Note
--------------------------------------------------------------
     0 | D:1      | Inchmeat the Merfolk Ice Elementalist began the quest for the Orb.
     0 | D:1      | Reached XP level 1. HP: 13/13 MP: 3/3
   340 | D:1      | Reached XP level 2. HP: 19/19 MP: 3/5
   366 | D:1      | Reached skill level 4 in Ice Magic
   387 | D:1      | You fall through a shaft!
   697 | D:2      | Learned a level 2 spell: Throw Frost
   896 | D:1      | Reached XP level 3. HP: 21/24 MP: 6/6
  1050 | D:2      | Learned a level 3 spell: Ozocubu's Armour
  1488 | D:2      | Reached XP level 4. HP: 24/30 MP: 4/7
  1516 | D:2      | Slain by a gnoll

Skill      XL: |  1  2 |
---------------+-------+-----
Ice Magic      | 4 |  4.9
Short Blades   | |  0.2
Dodging        | |  2.6
Stealth        | |  2.1
Spellcasting   | |  2.5
Conjurations   | |  0.7

Action                   |  1- 3 |  4- 6 || total
-------------------------+-------+-------++-------
Melee: Unarmed           |    18 |       ||    18
       Short sword       |    36 |     5 ||    41
 Cast: Freeze            |    27 |       ||    27
       Throw Frost       |     4 |       ||     4
       Ozocubu's Armour  |     2 |       ||     2
  Use: Scroll            |     1 |       ||     1
       Potion            |       |     2 ||     2
 Stab: Sleeping          |     3 |       ||     3
  Eat: Chunk             |     3 |       ||     3
Armor: Robe              |    11 |     1 ||    12
Dodge: Dodged            |    66 |     9 ||    75
